Unix NetHack Version 3.7.0-73 Work-in-progress - last build Feb 17 2023 02:16:44 (48fe2e8c4a70f1d2d5b622443eb9b5bc1b8d05f7,branch:master). Game began 2023-02-17 23:34:40, ended 2023-02-18 00:11:51. seppokalevi7, lawful female human Valkyrie ----..-- |......| |G...l.| ..@f.l.| -------- Seppokalevi7 the Fighter St:18 Dx:16 Co:19 In:7 Wi:9 Ch:7 Lawful S:1664 Dlvl:8 $:0 HP:0(62) Pw:14(14) AC:2 Xp:6/321 T:2895 Latest messages: You see no objects here. What do you want to drink? [ehzT or ?*] Never mind. You kill the rothe! You feel more confident in your weapon skills. (Use the #enhance command to advance them.) You hit the gnome lady! # You are now more skilled in long sword. You kill the gnome lady! You hear a slow drip. You see here a rothe corpse. You kill the rothe! Welcome to experience level 6. You see here a rothe corpse. The kitten eats a rothe corpse. There is a rothe corpse here; eat it? [ynq] (n) This rothe corpse tastes terrible! You finish eating the rothe corpse. You swap places with the peaceful dwarf. The kitten bites the dwarf. The kitten misses the dwarf. The kitten bites the dwarf. The dwarf wields a dagger! The kitten misses the dwarf. The kitten misses the dwarf. The kitten misses the dwarf. Pick an object. You stop. Your kitten is in the way! You swap places with your kitten. You descend the stairs. Pick an object. You can't go up here. The gnome king swings his mace. The gnome king hits! You climb up the stairs. What do you want to drop? [$a-eg-km-or-tv-zA-NP-T or ?*] You drop 630 gold pieces. You descend the stairs. The gnome king swings his mace. The gnome king hits! You hit the gnome king! The gnome king swings his mace. The gnome king hits! You die... Do you want your possessions identified? [ynq] (y) Do you want to see your attributes? [ynq] (y) Do you want an account of creatures vanquished? [ynaq] (y) Do you want to see your conduct and achievements? [ynq] (y) Do you want to see the dungeon overview? [ynq] (y) Inventory: Amulets i - an uncursed amulet versus poison (being worn) Weapons b - a +0 dagger g - a rustproof +0 orcish dagger (at the ready) a - a +1 spear (alternate weapon; not wielded) A - the blessed rustproof +0 Excalibur (weapon in hand) Armor N - an uncursed +0 orcish helm (being worn) x - an uncursed burnt +0 pair of water walking boots (being worn) c - an uncursed +3 small shield (being worn) t - an uncursed burnt +0 dwarvish cloak (being worn) k - an uncursed +0 studded leather armor (being worn) Comestibles r - 2 uncursed bananas d - an uncursed food ration o - 5 uncursed food rations I - an uncursed melon G - an uncursed sprig of wolfsbane y - an uncursed tin of sauteed rothe meat F - an uncursed tin of soup made from newt meat Scrolls J - an uncursed scroll of amnesia K - a cursed scroll of destroy armor Q - a blessed scroll of enchant armor w - a cursed scroll of enchant armor named C R - a blessed scroll of food detection Potions e - an uncursed potion of extra healing named U h - an uncursed potion of gain energy named U z - an uncursed potion of levitation named U T - an uncursed potion of object detection named U Rings B - an uncursed +1 ring of gain constitution (on right hand) Wands S - a wand of digging (0:6) H - a wand of probing (0:5) Tools D - a crystal ball (0:4) C - an uncursed lock pick j - an uncursed skeleton key named U Gems/Stones L - an uncursed agate stone P - an uncursed chrysoberyl stone v - 2 uncursed worthless pieces of black glass s - an uncursed worthless piece of green glass E - an uncursed worthless piece of red glass n - an uncursed worthless piece of violet glass M - an uncursed worthless piece of yellow glass m - 2 uncursed worthless pieces of yellowish brown glass Seppokalevi7 the Valkyrie's attributes: Background: You were a Fighter, a level 6 human Valkyrie. You were lawful, nominally on a mission for Tyr who was opposed by Odin (neutral) and Loki (chaotic). You were in the Dungeons of Doom, on level 8. You entered the dungeon 2895 turns ago. It was the midnight hour. You had 321 experience points, 319 more were needed to attain level 7. Your score was 1664 before end-of-game adjustments. Basics: You had 0 out of 62 hit points. You had all 14 energy points (spell power). Your armor class was 2. Your wallet was empty. Autopickup was off. Final Characteristics: Your strength was 18 (limit:18/100). Your dexterity was 16 (limit:18). Your constitution was 19 (base:18, innate limit:18). Your intelligence was 7 (limit:18). Your wisdom was 9 (limit:18). Your charisma was 7 (limit:18). Final Status: You were not hungry. You were unencumbered. You were wielding a long sword. You had basic skill with long sword. Final Attributes: You were piously aligned. You were cold resistant. You were poison resistant. You were level-drain resistant. You were telepathic. You had automatic searching. You were stealthy. You could walk on water. You were warded. You are dead. Miscellaneous: You encountered 1 bones level. Total elapsed playing time was 37 minutes and 10 seconds. Major events: Turn 1: seppokalevi7 the lawful human Valkyrie entered the dungeon 1027: attained the rank of Skirmisher (level 3) 2171: received Excalibur from a strange woman laying about in a pond 2826: attained the rank of Fighter (level 6) 2895: killed by a gnome king Vanquished creatures: a blue jelly a soldier ant 3 bugbears a mountain nymph a rock mole 2 shriekers 2 gnome leaders a gnomish wizard a floating eye a kitten a kobold shaman 2 rothes 2 dwarf zombies an acid blob a coyote a hobbit 3 hobgoblins 2 brown molds a yellow mold a gnome 7 garter snakes 2 geckos 3 jackals a kobold 3 goblins 2 grid bugs 2 lichens 2 newts 51 creatures vanquished. No species were genocided or became extinct. Voluntary challenges: You were an atheist. You read items or engraved 4 times. You engraved Elbereth 2 times. You never genocided any monsters. You never polymorphed an object. You never changed form. You used no wishes. Achievements: You entered a shop. You attained the rank of Skirmisher. You attained the rank of Fighter. The Dungeons of Doom: levels 1 to 8 Level 1: Some fountains. Level 2: Some fountains. Level 3: A general store, a sink. Level 4: Some fountains. Level 5: A fountain, a grave. Level 6: Level 7: A fountain, a sink. Level 8: <- You were here. Final resting place for you, killed by a gnome king, Gandelf-Mon-Hum-Mal-Neu, killed by a dwarf lord. Game over: ---------- / \ / REST \ / IN \ / PEACE \ / \ | seppokalevi7 | | 0 Au | | killed by a | | gnome king | | | | | | 2023 | *| * * * | * _________)/\\_//(\/(/\)/\//\/|_)_______ Farvel seppokalevi7 the Valkyrie... You died in The Dungeons of Doom on dungeon level 8 with 1664 points, and 0 pieces of gold, after 2895 moves. You were level 6 with a maximum of 62 hit points when you died.